 Dungeon Crawl Stone Soup version 0.31-a0-188-g5e087ee2ca (webtiles) character file.

Game seed: 12042312615077862741

933 qw the Skirmisher (level 7, -13/40 HPs)
             Began as a Deep Elf Hunter on June 22, 2023.
             Mangled by an ogre
             ... wielding a +0 giant club
              (17 damage)
             ... on level 5 of the Dungeon.
             The game lasted 00:01:31 (3685 turns).

qw the Skirmisher (Deep Elf Hunter)                 Turns: 3685, Time: 00:01:32

Health: -13/40     AC: 11    Str: 10    XL:     7   Next: 86%
Magic:  9/9        EV: 11    Int: 14    God:
Gold:   152        SH:  0    Dex: 18    Spells: 6/6 levels left

rFire   . . .        Y - +0 shortbow (freeze)
rCold   . . .        (shield currently unavailable)
rNeg    . . .        j - +3 ring mail
rPois   .            a - +1 helmet
rElec   .            b - +0 cloak
rCorr   .            (no gloves)
SInv    .            (no boots)
Will    .....        (no amulet)
Stlth   +            (no ring)
HPRegen 0.26/turn    (no ring)
MPRegen 0.11/turn

%: no passive effects
@: about to teleport
A: no striking features
a: no special abilities


You were on level 5 of the Dungeon.
You visited 1 branch of the dungeon, and saw 5 of its levels.

You collected 152 gold pieces.


   Skills:
 + Level 2.5 Fighting
 - Level 12.0 Ranged Weapons
 - Level 1.2 Armour
 - Level 3.0 Dodging
 - Level 1.2 Stealth


You had 6 spell levels left.
You didn't know any spells.
Your spell library was empty.

Inventory:

Hand Weapons
 Y - a +0 shortbow of freezing (weapon)
Armour
 a - a +1 helmet (worn)
 b - a +0 cloak (worn)
 j - a +3 ring mail (worn)
Scrolls
 e - a scroll of identify
Potions
 f - 2 potions of curing
 g - a potion of mutation
 h - a potion of attraction {unknown}
 i - 2 potions of haste
 k - a potion of lignification {unknown}
 m - a potion of degeneration {unknown}

Dungeon Overview and Level Annotations

Branches:
Dungeon (5/15)
 Temple: D:4-7

Altars:
Elyvilon
Vehumet


Message History

You shoot an arrow. The arrow hits the scorpion!
The arrow freezes the scorpion.
You kill the scorpion!
A gnoll comes into view. It is wielding a +0 club.
Found a ring of wizardry.
The gnoll shouts!
You hear a shout!
An ogre comes into view. It is wielding a +0 giant club.
You shoot an arrow. The arrow hits the gnoll.
The arrow freezes the gnoll.
The gnoll is moderately wounded.
A gnoll comes into view. It is wielding a +0 flail.
You shoot an arrow.
The arrow hits the gnoll but does no damage.
The gnoll is moderately wounded.
You shoot an arrow. The arrow barely misses the gnoll.
You shoot an arrow. The arrow hits the gnoll!
The arrow freezes the gnoll.
The gnoll is severely wounded.
You shoot an arrow. The arrow hits the gnoll.
The arrow freezes the gnoll.
You kill the gnoll!
You shoot an arrow.
The arrow hits the ogre but does no damage.
You shoot an arrow. The arrow completely misses the ogre.
You shoot an arrow. The arrow barely misses the ogre.
The gnoll hits you with a +0 flail. The ogre hits you with a +0 giant club!
You shoot an arrow. The arrow hits the ogre.
The arrow freezes the ogre.
The ogre is moderately wounded.
The gnoll barely misses you.
You shoot an arrow. The arrow hits the ogre.
The arrow freezes the ogre.
The ogre is moderately wounded.
The ogre hits you with a +0 giant club!!
The gnoll hits you with a +0 flail.
3683 ||| READING scroll of teleportation.
As you read the scroll of teleportation, it crumbles to dust.
You feel strangely unstable. The gnoll barely misses you.
The ogre closely misses you.
You shoot an arrow. The arrow hits the ogre.
The arrow freezes the ogre.
The ogre is heavily wounded.
The gnoll closely misses you.
You shoot an arrow. The arrow hits the ogre!
The arrow freezes the ogre.
The ogre is almost dead.
The ogre hits you with a +0 giant club!
You die...

.. # ...= #.#
###....
#...####.#.....
#....@O......
####..g)<....
##.........
#..........
#......#.#.
##.%.#####
##..(.....#
#.<.......#
#..##.##...


You could see an ogre and a gnoll.

Vanquished Creatures
  Grinder (D:4)
  Sigmund (D:2)
  A scorpion (D:5)
  A howler monkey (D:4)
  2 hounds
  4 orc priests (D:4)
  2 iguanas (D:4)
  2 orc wizards (D:4)
  A statue (D:4)
  Robin (D:2)
  4 gnolls
  2 adders
  An adder skeleton (D:2)
  3 worms
  12 orcs (D:4)
  2 bat skeletons (D:2)
  6 endoplasms
  2 giant cockroaches (D:2)
  4 goblins
  9 hobgoblins
  3 jackals
  A quokka (D:2)
  5 ball pythons
  A ball python skeleton (D:2)
  2 ball python zombies (D:2)
  A bat (D:3)
  2 frilled lizards (D:2)
  7 kobolds
  2 rats (D:2)
85 creatures vanquished.

Vanquished Creatures (others)
  A butterfly (D:4)
1 creature vanquished.

Grand Total: 86 creatures vanquished

Notes
Turn   | Place    | Note
-------+----------+-------------------------------------------
     0 | D:1      | qw the Deep Elf Hunter began the quest for the Orb.
     0 | D:1      | Reached XP level 1. HP: 12/12 MP: 3/3
     0 | D:1      | 0 ||| qw: Version: 0.3-a-9-g12657ce
     0 | D:1      | 0 ||| qw: Game counter: 3046
     0 | D:1      | 0 ||| qw: Always use a shield: true
     0 | D:1      | 0 ||| qw: God list: Okawaru
     0 | D:1      | 0 ||| qw: Allow faded altars: false
     0 | D:1      | 0 ||| qw: Do Orc after D:15 true
     0 | D:1      | 0 ||| qw: Do second Lair branch before Depths: true
     0 | D:1      | 0 ||| qw: Lair rune preference: random
     0 | D:1      | 0 ||| qw: Plans: Normal
     0 | D:1      | 0 ||| PLANNING D:1-11
   514 | D:1      | 514 ||| UPGRADING to +0 ring mail.
   524 | D:1      | 524 ||| DROPPING +0 leather armour.
   525 | D:1      | 525 ||| READING scroll labelled IROSINKODEA.
   626 | D:1      | 626 ||| READING scroll labelled NAEMA IXOU.
   627 | D:1      | 627 ||| DROPPING scroll of butterflies.
   663 | D:2      | 663 ||| STAIRDANCE
   667 | D:1      | Reached skill level 6 in Ranged Weapons
   667 | D:1      | Reached XP level 2. HP: 13/16 MP: 4/4
  1022 | D:2      | Reached XP level 3. HP: 20/20 MP: 5/5
  1040 | D:2      | Noticed Sigmund
  1054 | D:2      | HP: 3/20 [Sigmund/+0 scythe (9)]
  1055 | D:2      | 1055 ||| DROPPING +6 ring of intelligence.
  1058 | D:2      | Killed Sigmund
  1059 | D:2      | Reached skill level 9 in Ranged Weapons
  1059 | D:2      | Reached XP level 4. HP: 5/25 MP: 6/6
  1059 | D:2      | Reached XP level 5. HP: 6/29 MP: 7/7
  1207 | D:2      | Noticed Robin
  1219 | D:2      | Killed Robin
  1220 | D:2      | 1220 ||| FLEEEEING.
  1221 | D:2      | 1221 ||| FLEEEEING.
  1222 | D:2      | 1222 ||| FLEEEEING.
  1223 | D:2      | 1223 ||| STAIRDANCE
  1237 | D:1      | 1237 ||| READING scroll labelled LUDEADDEZEI.
  1293 | D:1      | 1293 ||| READING scroll labelled XAJILY UPHAOBI.
  1299 | D:2      | 1299 ||| STAIRDANCE
  1568 | D:2      | 1568 ||| UPGRADING to +1 helmet.
  1735 | D:3      | Reached XP level 6. HP: 35/35 MP: 8/8
  2243 | D:3      | Found a faded altar of an unknown god.
  2249 | D:3      | 2249 ||| UPGRADING to +0 cloak.
  2254 | D:3      | 2254 ||| UPGRADING to +3 ring mail.
  2264 | D:3      | 2264 ||| DROPPING +0 ring mail.
  2265 | D:3      | 2265 ||| READING 2 scrolls labelled SUIBUI WUODI.
  2269 | D:3      | 2269 ||| READING 3 scrolls labelled HOMPENL VERIEMISK.
  2270 | D:3      | 2270 ||| DRINKING 3 sapphire potions.
  2271 | D:3      | 2271 ||| DRINKING 2 viscous yellow potions.
  2272 | D:3      | 2272 ||| READING 2 scrolls of identify.
  2272 | D:3      | 2272 ||| IDENTIFYING red potion
  2273 | D:3      | 2273 ||| DROPPING potion of invisibility.
  2308 | D:4      | Reached skill level 1 in Armour
  2329 | D:4      | 2329 ||| FLEEEEING.
  2336 | D:4      | 2336 ||| STAIRDANCE
  2627 | D:4      | Found a radiant altar of Vehumet.
  2660 | D:4      | Reached skill level 10 in Ranged Weapons
  2732 | D:4      | Reached skill level 3 in Dodging
  2829 | D:4      | 2829 ||| Stepping ~*~*~tactically~*~*~ (outnumbered).
  2871 | D:4      | Found a white marble altar of Elyvilon.
  2900 | D:4      | Reached XP level 7. HP: 32/40 MP: 9/9
  2909 | D:4      | HP: 10/40 [something (2)]
  2910 | D:4      | 2910 ||| READING scroll of teleportation.
  3189 | D:4      | Reached skill level 11 in Ranged Weapons
  3226 | D:4      | Noticed Grinder
  3237 | D:4      | Killed Grinder
  3319 | D:4      | Reached skill level 12 in Ranged Weapons
  3554 | D:4      | 3554 ||| DROPPING ring of wizardry.
  3555 | D:4      | 3555 ||| READING scroll labelled BIANEF IRGHIZ.
  3557 | D:4      | 3557 ||| Stepping ~*~*~tactically~*~*~ (cloud).
  3657 | D:5      | Entered Level 5 of the Dungeon
  3682 | D:5      | HP: 8/40 [ogre/+0 giant club (18)]
  3683 | D:5      | 3683 ||| READING scroll of teleportation.
  3685 | D:5      | Mangled by an ogre

Levels and vault maps discovered:
D:1:      nicolae_arrival_washed_ashore, layout_basic
D:2:      layout_loops_ring, serial_undead, serial_undead_d, serial_undead_c,
          serial_undead_f, serial_undead_a, serial_undead_b, serial_undead_c,
          chequers_serial_rivers_micro_e, uniq_robin, uniq_sigmund
D:3:      layout_basic, dreamdust_ecumenical_altar_hidden_monk_grotto
D:4:      layout_cave_pods, nicolae_elyvilon_peaceful_grove, vehumet_statue,
          chequers_decorated_corner, uniq_grinder
D:5:      layout_cave_pools, nzn_wu_jian_council_hall, minivault_19,
          uniq_eustachio, uniq_blork_the_orc

Skill      XL: |  1  2  3  4  5  6  7 |
---------------+----------------------+-----
Ranged Weapons | 6 9 10 12 | 12.0
Fighting       | 2 |  2.5
Armour         | 1 |  1.2
Dodging        | 3 |  3.0
Stealth        | |  1.2

Action                     |  1- 3 |  4- 6 |  7- 9 || total
---------------------------+-------+-------+-------++-------
   Fire: Shortbow          |    85 |   173 |   101 ||   359
    Use: Scroll            |     2 |     5 |     3 ||    10
         Potion            |       |     2 |       ||     2
 Armour: Ring mail         |    27 |    28 |    28 ||    83
  Dodge: Dodged            |    27 |    36 |    21 ||    84

Table legend:
 A = Non-vault XP
 B = Vault XP
 C = Vault XP percentage of total XP
 D = Non-vault monster count
 E = Vault monster count
 F = Vault count percentage of total count
                 A         B        C        D         E       F
            +---------+---------+-------+---------+---------+-------
      Total |     728 |     606 |  45.4 |      68 |      17 |  20.0
            +---------+---------+-------+---------+---------+-------
        D:1 |      11 |       6 |  35.3 |       6 |       3 |  33.3
        D:2 |      33 |     282 |  89.5 |      17 |      12 |  41.4
        D:3 |      62 |       0 |   0.0 |       7 |       0 |   0.0
        D:4 |     525 |     318 |  37.7 |      36 |       2 |   5.3
        D:5 |      97 |       0 |   0.0 |       2 |       0 |   0.0
            +---------+---------+-------+---------+---------+-------
